 Dungeon Crawl Stone Soup version 0.26.1-11-gd32895ea62 (webtiles) character file.

Game seed: 2896366140469931158

60523 diana the Fighter (level 14, -16/121 HPs)
             Began as a Demonspawn Gladiator on Apr 13, 2021.
             Was an Initiate of Gozag.
             Demolished by Rupert
             ... wielding a +2 great sword of holy wrath
              (25 damage)
             ... on level 5 of the Lair of Beasts.
             The game lasted 00:48:26 (27764 turns).

diana the Fighter (Demonspawn Gladiator)           Turns: 27764, Time: 00:48:26

Health: -16/121    AC: 19    Str: 18    XL:     14   Next: 57%
Magic:  0/14       EV: 18    Int: 16    God:    Gozag
Gold:   2519       SH:  5    Dex: 20    Spells: 13/13 levels left

rFire    . . .     SeeInvis .   z - +6 great sword of Balance {freeze, rC+ Dex+4}
rCold    + + .     Faith    .   (shield currently unavailable)
rNeg     + . .     Spirit   +   L - +0 swamp dragon scales
rPois    +         Reflect  +   c - +0 helmet
rElec    .         Harm     .   B - +0 cloak
rCorr    .         Rampage  .   I - +1 pair of gloves "Pepufi" {rC+}
Will     +....                  (no boots)
Stlth    +.........             O - amulet of reflection
HPRegen  0.30/turn              w - +6 ring of intelligence
MPRegen  0.14/turn              E - ring of positive energy

@: no status effects
A: hooves 2, yellow scales 2, demonic guardian 1, magic shield
a: Renounce Religion, Potion Petition, Call Merchant, Bribe Branch


You were on level 5 of the Lair of Beasts.
You worshipped Gozag.
Gozag was most pleased with you.
You visited 4 branches of the dungeon, and saw 21 of its levels.

You collected 5447 gold pieces.
You spent 545 gold pieces at shops.
You paid 2383 gold pieces to Gozag.

Inventory:

Hand Weapons
 z - the +6 great sword of Balance (weapon) {freeze, rC+ Dex+4}
   (You found it on level 4 of the Dungeon)

   It has been specially enchanted to freeze those struck by it, causing extra
   injury to most foes and up to half again as much damage against particularly
   susceptible opponents.
   It can also slow down cold-blooded creatures.
   It affects your dexterity (+4).
   It protects you from cold.
Missiles
 d - 5 throwing nets (quivered)
Armour
 c - a +0 helmet (worn)
 B - a +0 cloak (worn)
 I - the +1 pair of gloves "Pepufi" (worn) {rC+}
   (You found it on level 6 of the Dungeon)

   It protects you from cold.
 L - +0 swamp dragon scales (worn)
Jewellery
 w - a +6 ring of intelligence (left hand)
 E - a ring of positive energy (right hand)
 O - an amulet of reflection (around neck)
 R - an uncursed amulet of regeneration {unknown}
 T - an uncursed ring of fire
Wands
 s - a wand of random effects (15)
 v - a wand of iceblast (5)
 y - a wand of enslavement (13)
 K - a wand of digging (9)
 M - a wand of paralysis (12)
Scrolls
 b - 5 scrolls of magic mapping
 k - 2 scrolls of blinking
 m - a scroll of amnesia
 n - 3 scrolls of enchant weapon
 q - 4 scrolls of teleportation
 r - a scroll of fear
 u - 2 scrolls of random uselessness
 C - 3 scrolls of vulnerability
 D - 4 scrolls of fog
 F - 2 scrolls of silence {unknown}
 H - 2 scrolls of identify
 J - 2 scrolls of remove curse
 Q - 4 scrolls of enchant armour
 S - a scroll of noise
Potions
 a - 5 potions of attraction
 e - 2 potions of invisibility
 f - 11 potions of curing
 g - 4 potions of magic
 h - 3 potions of cancellation
 i - a potion of brilliance {unknown}
 j - 6 potions of heal wounds
 l - 3 potions of flight
 o - 4 potions of lignification
 p - 3 potions of mutation
 t - 4 potions of degeneration
 x - a potion of berserk rage
 A - 3 potions of haste
 G - 4 potions of ambrosia {unknown}
Miscellaneous
 N - a box of beasts
 P - a tin of tremorstones (inert)


   Skills:
 * Level 14.7 Fighting
 + Level 13.6 Long Blades
 - Level 1.7 Throwing
 - Level 11.1 Armour
 - Level 9.2 Dodging


You had 13 spell levels left.
You didn't know any spells.
Your spell library contained the following spells:

 Spells                   Type           Power        Failure   Level
 Animate Skeleton         Necr           0%           36%         1
 Apportation              Tloc           0%           36%         1
 Corona                   Hex            0%           36%         1
 Freeze                   Ice            0%           36%         1
 Magic Dart               Conj           0%           36%         1
 Sting                    Tmut/Pois      0%           36%         1
 Summon Small Mammal      Summ           0%           36%         1
 Poisonous Vapours        Pois/Air       0%           52%         2
 Searing Ray              Conj           0%           52%         2
 Dazzling Flash           Conj/Hex       0%           75%         3
 Frozen Ramparts          Ice            0%           75%         3
 Ignite Poison            Fire/Tmut/Pois 0%           75%         3
 Mephitic Cloud           Conj/Pois/Air  0%           75%         3
 Ozocubu's Armour         Ice            0%           75%         3
 Fulminant Prism          Conj/Hex       0%           98%         4
 Hailstorm                Conj/Ice       0%           98%         4
 Ice Form                 Ice/Tmut       0%           98%         4
 Iskenderun's Mystic Bla  Conj/Tloc      0%           98%         4
 Olgreb's Toxic Radiance  Pois           0%           98%         4
 Summon Ice Beast         Ice/Summ       0%           98%         4
 Metabolic Englaciation   Hex/Ice        0%           100%        5
 Freezing Cloud           Conj/Ice/Air   0%           100%        6
 Ozocubu's Refrigeration  Ice            0%           100%        6
 Simulacrum               Ice/Necr       0%           100%        6


Dungeon Overview and Level Annotations

Branches:
Dungeon (13/15)            Temple (1/1) D:6            Lair (5/6) D:11
 Shoals (0/4) Lair:2        Snake (0/4) Lair:2          Orc (2/2) D:10
    Elf (0/3) Orc:2        Vaults (0/5) D:13
  Slime: Lair:5-6

Altars:
Ashenzari
Cheibriados
Dithmenos
Elyvilon
Fedhas
Gozag
Hepliaklqana
Kikubaaqudgha
Makhleb
Nemelex Xobeh
Okawaru
Qazlal
Ru
Sif Muna
Trog
Uskayaw
Vehumet
Wu Jian
Xom
Yredelemnul
Zin
The Shining One
Beogh

Shops:
D:13 !   Orc:2 (}[}[(??*   Lair:1 ([*

Portals:
Pandemonium: Orc:2

Annotations:
D:6 2 transporters, Jaiteiro's ghost, novice GnFi
Lair:5 exclusion: 4 oklob plants, Rupert


Innate Abilities, Weirdness & Mutations

You have hoof-like feet.
You are mostly covered in yellow scales. (AC +3)
A weak demonic guardian rushes to your aid.
When hurt, damage is shared between your health and your magic reserves.


Message History

You hit Rupert. You freeze Rupert.
Rupert is lightly wounded.
Rupert hits you with a +2 great sword of holy wrath!
You convulse!
The blink frog blinks! x2
Unknown command.
You hit Rupert. You freeze Rupert. Your kick misses Rupert.
Rupert is lightly wounded.
Rupert hits you with a +2 great sword of holy wrath.
You convulse.
The blink frog blinks!
Your shadow imp barely misses Rupert.
Unknown command.
You slash Rupert! You freeze Rupert.
Rupert is lightly wounded.
Rupert hits you with a +2 great sword of holy wrath!!
You convulse!!
* * * LOW HITPOINT WARNING * * *
Rupert hits you with a +2 great sword of holy wrath!!
* * * LOW HITPOINT WARNING * * *
You convulse!!
You die...
Your body crumbles into a pile of gold.

.........#
........###....<......
.........##..........#
.(......###.....ยง....#
...........+.........#
.........#............
........# #..#....#
.#......## #...>@5.#
.........# #..@#.##
.........## ##......##
..........# #........#
..........# #...$...###
..........####......).#
..........>.##.......##
......................#
.........#............#
#P....#.##..#........##


You could see Rupert (berserk) and a friendly shadow imp (summoned).

Vanquished Creatures
  2 boulder beetles
  A vault guard (D:13)
  6 hydras
  A centaur warrior (D:13)
  A two-headed ogre (D:9)
  3 death yaks (Lair:3)
  Sonja (Lair:5)
  7 orc high priests (Orc:2)
  A soul eater (Orc:1)
  A sixfirhy (Orc:1)
  A skeletal warrior (D:11)
  2 unseen horrors
  2 infernal demonspawn (Orc:2)
  A torturous demonspawn (Orc:2)
  4 orc knights (Orc:1)
  A wolf spider zombie (D:13)
  3 ugly things
  5 orc sorcerers
  4 cyclopes
  A manticore (Lair:2)
  3 centaur zombies
  3 rust devils (Orc:1)
  4 black mambas
  The ghost of Darold the Cleaver, a novice HOMo (D:4)
  4 centaur skeletons
  Maggie (D:7)
  6 cane toads
  3 rime drakes
  2 kobold demonologists (D:13)
  8 komodo dragons
  A red devil (Orc:2)
  6 trolls
  A wind drake (Lair:2)
  Grinder (D:4)
  4 slime creatures (D:13)
  12 blink frogs
  7 dream sheep
  3 wraiths
  A shadow (D:13)
  3 wyverns
  13 yaks
  4 basilisks
  A neqoxec (Orc:2)
  2 wargs
  3 nagas (Lair:2)
  10 water moccasins
  An ice beast (D:8)
  29 orc warriors
  A hornet zombie (D:8)
  4 black bears
  2 phantoms
  A necrophage (D:9)
  4 sky beasts
  9 ogres
  7 wolves
  6 centaurs
  8 big kobolds
  Blork the orc (D:5)
  18 bullfrogs
  2 gnoll sergeants (D:10)
  4 scorpions
  15 killer bees
  9 wights
  3 electric eels
  9 howler monkeys
  5 jellies
  A quasit (D:10)
  A bullfrog zombie (D:8)
  24 orc priests
  A bullfrog skeleton (D:12)
  7 hounds
  24 orc wizards
  Crazy Yiuf (D:5)
  Ijyb (D:4)
  8 worker ants
  4 iguanas
  A hound zombie (D:9)
  A hound skeleton (D:4)
  A worker ant zombie (D:11)
  6 gnolls
  19 adders
  A howler monkey skeleton (D:9)
  4 river rats (D:7)
  A shadow imp (D:7)
  5 white imps
  An ufetubus (D:6)
  An ooze (D:2)
  2 adder skeletons
  5 worms
  2 dart slugs (D:1)
  7 leopard geckos
  70 orcs
  2 ball pythons
  10 giant cockroaches
  5 goblins
  7 hobgoblins
  13 jackals
  4 quokkas
  13 bats
  6 frilled lizards
  A giant cockroach zombie (D:5)
  A jackal skeleton (D:6)
  16 kobolds
  A leopard gecko skeleton (D:5)
  9 rats
580 creatures vanquished.

Vanquished Creatures (collateral kills)
  2 hydras
  A death knight (D:10)
  A centaur skeleton (D:10)
  2 komodo dragons
  A cane toad (Lair:4)
  A dream sheep (Lair:5)
  2 blink frogs
  3 yaks (Lair:1)
  A basilisk (Lair:2)
  A water moccasin (Lair:4)
  2 orc warriors
  An ice beast (D:10)
  An ogre (D:10)
  A wolf (Lair:5)
  A big kobold (D:10)
  An orc priest (Orc:2)
  5 orcs
  A quokka (D:11)
28 creatures vanquished.

Vanquished Creatures (others)
  3 centaurs (D:13)
  An iguana (D:10)
  2 human simulacra (D:13)
  A frilled lizard (D:1)
  30 fungi
  114 plants
151 creatures vanquished.

Grand Total: 759 creatures vanquished

Notes
Turn   | Place    | Note
-------+----------+-------------------------------------------
     0 | D:1      | diana the Demonspawn Gladiator began the quest for the Orb.
     0 | D:1      | Reached XP level 1. HP: 16/16 MP: 1/1
   578 | D:1      | Gained mutation: You have large cloven feet. [demonic
                  | ancestry]
   578 | D:1      | Reached XP level 2. HP: 21/22 MP: 2/2
   641 | D:1      | Reached skill level 1 in Armour
  1159 | D:1      | Gained mutation: When hurt, damage is shared between your
                  | health and your magic reserves. [demonic ancestry]
  1159 | D:1      | Reached XP level 3. HP: 28/28 MP: 3/3
  1504 | D:2      | Found a shimmering altar of Xom.
  1672 | D:2      | Gained mutation: You are partially covered in yellow
                  | scales. (AC +2) [demonic ancestry]
  1672 | D:2      | Reached XP level 4. HP: 29/34 MP: 4/4
  2144 | D:2      | Reached skill level 3 in Fighting
  2189 | D:2      | Found a glowing silver altar of Zin.
  2262 | D:2      | Found a stormy altar of Qazlal.
  2265 | D:2      | Reached XP level 5. HP: 41/41 MP: 5/5
  2265 | D:2      | Found a glowing golden altar of the Shining One.
  3401 | D:4      | Noticed Ijyb
  3423 | D:4      | Killed Ijyb
  3424 | D:4      | Reached XP level 6. HP: 36/47 MP: 4/6
  3655 | D:4      | Noticed Grinder
  3938 | D:4      | Killed Grinder
  3939 | D:4      | Reached XP level 7. HP: 46/53 MP: 4/7
  4100 | D:4      | Found a runed translucent door.
  4101 | D:4      | Noticed Darold's ghost (novice HOMo)
  4562 | D:4      | Reached skill level 4 in Fighting
  4785 | D:4      | Got a fine great sword
  4786 | D:4      | Identified the +6 great sword of Balance {freeze, rC+
                  | Dex+4} (You found it on level 4 of the Dungeon)
  4794 | D:4      | Killed Darold's ghost
  4795 | D:4      | Reached skill level 5 in Armour
  4811 | D:5      | Entered Level 5 of the Dungeon
  4885 | D:5      | Found a hide-covered altar of Uskayaw.
  4941 | D:5      | Reached XP level 8. HP: 52/61 MP: 5/8
  5030 | D:5      | Found a runed translucent door.
  5031 | D:5      | Noticed Crazy Yiuf
  5130 | D:5      | Noticed Blork the orc
  5139 | D:5      | Killed Blork the orc
  5366 | D:5      | Reached skill level 5 in Long Blades
  5674 | D:5      | Killed Crazy Yiuf
  5950 | D:5      | Reached skill level 5 in Fighting
  6030 | D:6      | Found a transporter.
  6030 | D:6      | Noticed Jaiteiro's ghost (novice GnFi)
  6045 | D:6      | Found a transporter.
  6064 | D:6      | Reached skill level 5 in Dodging
  6085 | D:6      | Found the macabre finger necklace {rN+}
  6423 | D:6      | Got a pair of shimmering gloves
  6434 | D:6      | Identified the +1 pair of gloves "Pepufi" {rC+} (You found
                  | it on level 6 of the Dungeon)
  6437 | D:6      | Found a staircase to the Ecumenical Temple.
  6515 | Temple   | Entered the Ecumenical Temple
  6674 | Temple   | Became a worshipper of Gozag Ym Sagoz the Greedy
  6898 | D:7      | Gained mutation: You have hoof-like feet. [demonic
                  | ancestry]
  6898 | D:7      | Reached XP level 9. HP: 59/68 MP: 7/9
  6939 | D:7      | Found a bloodstained altar of Trog.
  7183 | D:7      | Noticed Maggie
  7192 | D:7      | Killed Maggie
  7789 | D:8      | Reached skill level 6 in Fighting
  8352 | D:8      | Gained mutation: A weak demonic guardian rushes to your
                  | aid. [demonic ancestry]
  8352 | D:8      | Reached XP level 10. HP: 55/77 MP: 8/10
  8533 | D:8      | Noticed a six-headed hydra
  8602 | D:8      | Killed a six-headed hydra
  9345 | D:9      | Found a bloodstained altar of Trog.
  9345 | D:9      | Found a white marble altar of Elyvilon.
  9627 | D:9      | Reached skill level 7 in Fighting
  9914 | D:9      | Noticed a two-headed ogre
  9918 | D:9      | Killed a two-headed ogre
 10162 | D:10     | Entered Level 10 of the Dungeon
 10188 | D:10     | Noticed a brown ugly thing
 10211 | D:9      | Killed a brown ugly thing
 10212 | D:9      | Reached skill level 8 in Fighting
 10739 | D:10     | Found a staircase to the Orcish Mines.
 10743 | D:10     | Reached XP level 11. HP: 87/87 MP: 11/11
 11100 | D:11     | Noticed an eight-headed hydra
 11132 | D:11     | Killed an eight-headed hydra
 11133 | D:11     | Reached skill level 9 in Fighting
 11479 | D:11     | Noticed a five-headed hydra
 11489 | D:11     | Killed a seven-headed hydra
 11496 | D:11     | Reached skill level 10 in Long Blades
 11873 | D:11     | Found a sacrificial altar of Ru.
 12117 | D:11     | Found a staircase to the Lair.
 12161 | D:11     | Noticed a death knight
 12162 | D:11     | Noticed a skeletal warrior
 12204 | D:11     | Reached skill level 10 in Fighting
 12413 | D:10     | Killed a death knight
 12918 | D:11     | Killed a skeletal warrior
 13595 | Lair:1   | Entered Level 1 of the Lair of Beasts
 13672 | Lair:1   | Noticed a seven-headed hydra
 13695 | Lair:1   | Killed an eight-headed hydra
 14026 | Lair:1   | Gained mutation: You are mostly covered in yellow scales.
                  | (AC +3) [demonic ancestry]
 14026 | Lair:1   | Reached XP level 12. HP: 98/98 MP: 12/12
 14829 | Lair:2   | Reached skill level 11 in Fighting
 15125 | Lair:2   | Found a staircase to the Shoals.
 15481 | Lair:2   | Found a blossoming altar of Fedhas.
 15775 | Lair:2   | Found a staircase to the Snake Pit.
 16238 | Lair:3   | Noticed a death yak
 16238 | Lair:3   | Noticed a death yak
 16245 | Lair:3   | Noticed a death yak
 16250 | Lair:3   | Killed a death yak
 16260 | Lair:3   | Killed a death yak
 16264 | Lair:3   | Killed a death yak
 17426 | Lair:1   | Bought a scroll of magic mapping for 105 gold pieces
 17426 | Lair:1   | Bought a scroll of identify for 60 gold pieces
 17571 | Lair:4   | Found an iron altar of Okawaru.
 17731 | Lair:4   | Reached skill level 12 in Fighting
 18488 | Lair:5   | Noticed a six-headed hydra
 18489 | Lair:5   | Noticed a four-headed hydra
 18492 | Lair:5   | Reached XP level 13. HP: 108/108 MP: 13/13
 18654 | Orc:1    | Entered Level 1 of the Orcish Mines
 18820 | Orc:1    | Found a roughly hewn altar of Beogh.
 19084 | Orc:2    | Entered Level 2 of the Orcish Mines
 19084 | Orc:2    | Found Vitzadd's Armour Emporium.
 20455 | Orc:2    | Found Luinot's Weapon Emporium.
 20460 | Orc:2    | Found a staircase to the Elven Halls.
 20586 | Orc:2    | Found Kuyl's General Store.
 20588 | Orc:2    | Found Vephaur's Magic Scroll Shoppe.
 20943 | Orc:2    | Found Oxaapadgha's Antique Weapon Shop.
 21343 | Orc:2    | Reached skill level 10 in Armour
 21568 | Orc:2    | Bought a scroll of teleportation for 42 gold pieces
 21568 | Orc:2    | Bought a scroll of blinking for 105 gold pieces
 21568 | Orc:2    | Bought a scroll of enchant armour for 105 gold pieces
 21594 | Orc:2    | Found Hacoc's Magic Scroll Shoppe.
 21609 | Orc:2    | Bought a scroll of random uselessness for 12 gold pieces
 21609 | Orc:2    | Bought a scroll of noise for 12 gold pieces
 21631 | Orc:2    | Found Odudwos's Gadget Emporium.
 22348 | Orc:2    | Paralysed by an orc sorcerer for 6 turns
 23059 | Orc:2    | Found Kidgh's Gadget Shop.
 23059 | Orc:2    | Found Cehyduriy's Antique Armour Boutique.
 23060 | Orc:2    | Found a one-way gate leading to the halls of Pandemonium.
 23287 | D:12     | Reached skill level 13 in Fighting
 23785 | D:12     | Found the ring of the Tortoise {AC+8}
 24383 | D:13     | Reached XP level 14. HP: 118/118 MP: 14/14
 24658 | D:13     | Found Saw Kuyr's Distillery.
 24661 | D:13     | Bought a potion of mutation for 104 gold pieces
 25550 | D:13     | Found a gate to the Vaults.
 26198 | D:13     | Reached skill level 14 in Fighting
 26621 | Lair:5   | Noticed Rupert
 26966 | Lair:5   | Noticed Sonja
 26974 | Lair:5   | Killed Sonja
 27764 | Lair:5   | Demolished by Rupert

Illustrated notes

Levels and vault maps discovered:
D:1:      sevenhm_arrival_forest_fort_small_4, layout_loops_corners,
          lemuel_old_faithful
D:2:      minmay_chambers_of_twos, layout_basic, minitemple, xom_teletrap_fun
D:3:      layout_loops_cross
D:4:      layout_gridville, ebering_ghost_inner_flame, uniq_grinder, uniq_ijyb
D:5:      layout_basic, eat_drink_and_be_merry_uskayaw, uniq_crazy_yiuf_cottage,
          uniq_blork_the_orc
D:6:      layout_rooms, minmay_temple_entry_drinking_statues,
          gammafunk_ghost_arena, dk_noncrumbling_2
D:7:      wad_woods_stonehenge, layout_basic, uniq_maggie
D:8:      minmay_slanted_spiral_squares, layout_loops_ring, glass_columns_b
D:9:      minmay_general_purpose_star, layout_loops_ring,
          gammafunk_temple_overflow_wave, serial_bayou, serial_bayou_shore_b,
          serial_bayou_pond_e, serial_bayou_pond_a, serial_bayou_shore_a
D:10:     layout_cross, kennysheep_orc_monster_closet_entryway,
          lemuel_flamethrower_2
D:11:     layout_long_grid, grunt_lair_entry_orc_guard_hut, basic_altar,
          serial_bayou_lagoon_a
D:12:     layout_stronghold, minivault_12
D:13:     layout_loops_corners, david_vaults_5, serial_shops, kennysheep_mini,
          bh_circular_ruins
Temple:   regret_index_temple_sphere_string
Lair:1:   layout_cave_pods, grunt_megastairs_3
Lair:2:   layout_hall_layers, minmay_shoals_entry_beasts,
          minmay_snake_entry_guardpost_medium, basic_altar
Lair:3:   layout_hall_layers
Lair:4:   layout_loops_ring, basic_altar, st_stairs_7
Lair:5:   layout_roguey, minmay_lair_oklob_chamber, infiniplex_staircase_pool,
          serial_bayou_shore_b, grunt_megastairs_1, uniq_sonja, uniq_rupert
Orc:1:    layout_caves, basic_altar
Orc:2:    pf_orc_diabolical, layout_caves, serial_shops, shop, shop,
          nicolae_shop_overgrown_old_shop, nicolae_shop_statue_plus,
          nicolae_shop_crystal

Skill      XL: |  1  2  3  4  5  6  7  8  9 10 11 12 13 14 |
---------------+-------------------------------------------+-----
Armour         | 1 2 3 4 5 6 7 8 11 | 11.1
Long Blades    | 3 4 6 7 9 10 12 13 | 13.6
Fighting       | 3 4 5 6 8 10 12 13 14 | 14.7
Dodging        | 3 4 5 7 8 9 |  9.2
Throwing       | |  1.7

Action                   |  1- 3 |  4- 6 |  7- 9 | 10-12 | 13-15 || total
-------------------------+-------+-------+-------+-------+-------++-------
Melee: Long sword        |    94 |   185 |    15 |       |       ||   294
       Kick              |    24 |    67 |    72 |   188 |   264 ||   615
       Great sword       |       |       |   190 |   414 |   542 ||  1146
Invok: Call Merchant     |       |       |       |     3 |       ||     3
Evoke: Wand              |       |     2 |       |    29 |    10 ||    41
       Tin of tremorston |       |       |       |     2 |     2 ||     4
  Use: Scroll            |     3 |     4 |     5 |     9 |     7 ||    28
       Potion            |       |       |       |     3 |       ||     3
 Stab: Distracted        |       |       |     1 |     4 |    10 ||    15
       Paralysed         |       |       |       |       |     2 ||     2
Armor: Leather armour    |    21 |       |       |       |       ||    21
       Ring mail         |    34 |   101 |    57 |       |       ||   192
       Swamp dragon scal |       |       |    39 |   188 |   179 ||   406
Dodge: Dodged            |    68 |   145 |   223 |   413 |   415 ||  1264
Block: Other             |       |       |       |     6 |   100 ||   106
       Reflection        |       |       |       |       |     4 ||     4
       Rpst.: Long sword |    22 |    46 |     8 |       |       ||    76
       Great sword       |       |       |    61 |   106 |   109 ||   276
